Workbook

Sheet Instructions Breakeven
A4: Breakeven Model

Sheet Breakeven Model
A1: Breakeven Analysis
B3: Income Statement | C3: Annual Total | F3: Variable | G3: Fixed
A4: Truly Variable | B4: Materials | C4: 6000000 | F4: =C4 -> 6000000
B5: Freight to Customer | C5: 650000 | F5: =C5 -> 650000
B6: Sales Commissions | C6: 500000 | D6: =SUM(C4:C6) -> 7150000 | F6: =C6 -> 500000
A8: Mixed Cost | B8: Direct Labor | C8: 2000000 | F8: =C8*K8 -> 1000000 | G8: =C8-F8 -> 1000000 | J8: Assumption that | K8: 0.5 | L8: is variable
B9: OVH - Utilities | C9: 500000 | F9: =C9*K9 -> 100000 | G9: =C9-F9 -> 400000 | J9: Assumption that | K9: 0.2 | L9: is variable
D10: =SUM(C8:C9) -> 2500000
A12: Fixed Plant Costs | B12: OVH - Indirect Labor | C12: 2500000 | G12: =C12 -> 2500000
B13: OVH - Warehouse | C13: 1500000 | G13: =C13 -> 1500000
B14: OVH - Indirect Materials/Supplies | C14: 500000 | G14: =C14 -> 500000
B15: OVH - Maintenance, Quality, Sanitation etc. | C15: 1250000 | G15: =C15 -> 1250000
B16: OVH - Plant Building | C16: 1000000 | G16: =C16 -> 1000000
D17: =SUM(C12:C16) -> 6750000
J18: Breakeven Calculation
A19: Fixed Corporate Costs | B19: OVH - SG&A | C19: 3500000 | G19: =C19 -> 3500000
B20: OVH - Depreciation, Interest, Taxes | C20: 1000000 | G20: =C20 -> 1000000 | J20: Fixed Costs | K20: =G27 -> 15150000 | M20: =G27 -> 15150000
B21: OVH - Insurance and Business Expenses | C21: 500000 | G21: =C21 -> 500000 | J21: Variable Margin | K21: =E37 -> 0.67 | M21: =C35 -> 16.75
B22: OVH - HQ Building Costs | C22: 1500000 | G22: =C22 -> 1500000
B23: OVH - Other | C23: 500000 | G23: =C23 -> 500000
D24: =SUM(C19:C23) -> 7000000 | K24: Revenue | M24: Unit Sales
J25: Breakeven | K25: =K20/K21 -> 22611940 | M25: =M20/M21 -> 904477.61
F27: =SUM(F4:F26) -> 8250000 | G27: =SUM(G4:G26) -> 15150000
A28: Total Costs | D28: =D24+D17+D10+D6 -> 23400000 | H28: =SUM(F27:G27) -> 23400000
A30: Revenue | B30: Net Sales | C30: 25000000
B32: Unit Sales | C32: 1000000
B33: Sales per Unit | C33: =C30/C32 -> 25
B34: Unit Variable Cost | C34: =F27/C32 -> 8.25
B35: Unit Variable Margin | C35: =C33-C34 -> 16.75
A37: Variable Margin | D37: =C30-F27 -> 16750000 | E37: =D37/C30 -> 0.67
A39: Gross Margin | D39: =C30-D6-D10-D17 -> 8600000 | E39: =D39/C30 -> 0.344
A41: EBITDA | D41: =D43+C20 -> 2600000 | E41: =D41/C30 -> 0.104
A43: Net Income | D43: =C30-D28 -> 1600000 | E43: =D43/C30 -> 0.064

Sheet Instructions Pricing
A4: Interactive Sales Pricing Models
A6: Pricing, for most companies comes down to calculating costs that include materials, direct labor and allocations of overhead. Once costs are known for each product, a mark up based on the target gross margin above cost becomes the tool to build out expected pricing.
A8: In this model, there are two scenarios that derive pricing from cost + margin so you will see different prices based on two different overhead allocation models. One is based on total overhead divided by units produced/sold. The other is based on the amount of labor that goes into each product.
A10: You will not have good ability to assess the relative contribution of any of the items because, in effect their gross margins are the same by design. Their relative profit contribution is only based on the volume sold.
A12: The second set of numbers start with assigning pricing based on the market. It will then be assumed that with competitive, market based pricing, demand can be more variable and the market should be able to accept differences in your product mix that you can readily adjust based on each products relative contribution.
A14: By starting with market pricing with similar cost allocation models, you will get a more actionable set of data for product profitability. You can then make better decisions on the products you want to promote in a fixed capacity scenario. In the "New" scenario product mix can be adjusted (within capacity confines) to decide the most profitable portfolio of items that will bring the most profit.

Sheet Summary
A1: Base Scenario
A3: Fixed Gross Margin (Budget) | B3: Product #1 | C3: GM% | D3: Product #2 | E3: GM% | F3: Product #3 | G3: GM% | H3: Total Revenue | J3: Total Income | N3: Data Entry
N5: Assumptions:
A6: Sales Price per Unit | O6: Product #1 and Product #2 are equal in capacity utilization - 1 for 1
A7: OH Allocated per Unit | B7: ='Base Per Unit'!B3 -> 267.5 | C7: ='Base Per Unit'!B23 -> 0.6 | D7: ='Base Per Unit'!D3 -> 330 | E7: ='Base Per Unit'!D23 -> 0.6 | F7: ='Base Per Unit'!F3 -> 592.5 | G7: ='Base Per Unit'!F23 -> 0.6 | H7: ='Base Per Unit'!H20 -> 4487500 | J7: ='Base Per Unit'!H27 -> 1692500 | O7: Product #3 takes up capacity equal to 1.5 the value of Products #1 and #2
A8: OH Allocated by Labor $ | B8: ='Base Labor'!B3 -> 228.81579 | C8: ='Base Labor'!B23 -> 0.6 | D8: ='Base Labor'!D3 -> 291.31579 | E8: ='Base Labor'!D23 -> 0.6 | F8: ='Base Labor'!F3 -> 631.18421 | G8: ='Base Labor'!F23 -> 0.6 | H8: ='Base Labor'!H20 -> 4487500 | J8: ='Base Labor'!H27 -> 1692500
N9: Base Scenario
A10: % Difference | B10: =(B7-B8)/B7 -> 0.14461387 | D10: =(D7-D8)/D7 -> 0.11722488 | F10: =(F7-F8)/F7 -> -0.065289807 | N10: Product #1 | O10: 2000
N11: Product #2 | O11: 3000
N12: Product #3 | O12: 5000
A13: Market Pricing (Budget) | B13: Product #1 | C13: GM% | D13: Product #2 | E13: GM% | F13: Product #3 | G13: GM% | H13: Total Revenue | J13: Total Income
N14: Capacity | O14: 12500
A16: Sales Price per Unit | N16: Actual | O16: =(O12*1.5)+O11+O10 -> 12500
A17: OH Allocated per Unit | B17: ='Base Market PU'!B3 -> 175 | C17: ='Base Market PU'!B23 -> 0.38857143 | D17: ='Base Market PU'!D3 -> 275 | E17: ='Base Market PU'!D23 -> 0.52 | F17: ='Base Market Lbr'!F3 -> 700 | G17: ='Base Market PU'!F23 -> 0.66142857 | H17: ='Base Market PU'!H20 -> 4675000 | J17: ='Base Market PU'!H27 -> 1880000
A18: OH Allocated by Labor $ | B18: ='Base Market Lbr'!B3 -> 175 | C18: ='Base Market Lbr'!B23 -> 0.47699248 | D18: ='Base Market Lbr'!D3 -> 275 | E18: ='Base Market Lbr'!D23 -> 0.57626794 | F18: ='Base Market Lbr'!F3 -> 700 | G18: ='Base Market Lbr'!F23 -> 0.63932331 | H18: ='Base Market Lbr'!H20 -> 4675000 | J18: ='Base Market Lbr'!H27 -> 1880000
A20: % Difference | C20: =C17-C18 -> -0.088421053 | E20: =E17-E18 -> -0.056267943 | G20: =G17-G18 -> 0.022105263
A24: New Scenario (Most Profitable Sales Mix) | N24: New Scenario
N25: Product #1 | O25: 500
A26: Fixed Gross Margin (Budget) | B26: Product #1 | C26: GM% | D26: Product #2 | E26: GM% | F26: Product #3 | G26: GM% | H26: Total Revenue | J26: Total Income | N26: Product #2 | O26: 1500
N27: Product #3 | O27: 7000 | Q27: Enter what you want to sell on this more premium item
A29: Sales Price per Unit | N29: Capacity | O29: 12500
A30: OH Allocated per Unit | B30: ='New Per Unit'!B3 -> 279.16667 | C30: ='Base Per Unit'!B23 -> 0.6 | D30: ='New Per Unit'!D3 -> 341.66667 | E30: ='Base Per Unit'!D23 -> 0.6 | F30: ='New Labor '!F3 -> 620.02427 | G30: ='Base Per Unit'!F23 -> 0.6 | H30: ='New Per Unit'!H20 -> 4881250 | J30: ='New Per Unit'!H27 -> 1928750
A31: OH Allocated by Labor $ | B31: ='New Labor '!B3 -> 223.66505 | C31: ='Base Labor'!B23 -> 0.6 | D31: ='New Labor '!D3 -> 286.16505 | E31: ='Base Labor'!D23 -> 0.6 | F31: ='New Labor '!F3 -> 620.02427 | G31: ='Base Labor'!F23 -> 0.6 | H31: ='New Labor '!H20 -> 4881250 | J31: ='New Labor '!H27 -> 1928750 | N31: Actual | O31: =(O27*1.5)+O26+O25 -> 12500 | Q31: Now you can propose different numbers for #1 and #2 to make actual equal to Capacity
A33: % Difference | B33: =(B30-B31)/B30 -> 0.19881177 | D33: =(D30-D31)/D30 -> 0.16244376 | F33: =(F30-F31)/F30 -> 0
A36: Market Pricing (Budget) | B36: Product #1 | C36: GM% | D36: Product #2 | E36: GM% | F36: Product #3 | G36: GM% | H36: Total Revenue | J36: Total Income
A39: Sales Price per Unit
A40: OH Allocated per Unit | B40: ='New Market PU '!B3 -> 175 | C40: ='Base Market PU'!B23 -> 0.38857143 | D40: ='New Market PU '!D3 -> 275 | E40: ='Base Market PU'!D23 -> 0.52 | F40: ='New Market PU '!F3 -> 700 | G40: ='Base Market PU'!F23 -> 0.66142857 | H40: ='New Market PU '!H20 -> 5400000 | J40: ='New Market PU '!H27 -> 2447500
A41: OH Allocated by Labor $ | B41: ='New Market Lbr '!B3 -> 175 | C41: ='Base Market Lbr'!B23 -> 0.47699248 | D41: ='New Market Lbr '!D3 -> 275 | E41: ='Base Market Lbr'!D23 -> 0.57626794 | F41: ='New Market Lbr '!F3 -> 700 | G41: ='Base Market Lbr'!F23 -> 0.63932331 | H41: ='New Market Lbr '!H20 -> 5400000 | J41: ='New Market Lbr '!H27 -> 2447500
A43: % Difference | C43: =C40-C41 -> -0.088421053 | E43: =E40-E41 -> -0.056267943 | G43: =G40-G41 -> 0.022105263

Sheet Base Per Unit
B1: Product #1 | D1: Product #2 | F1: Product #3 | N1: Overhead
N2: Rent | O2: 120000
A3: Revenue per Unit | B3: =B14/0.4 -> 267.5 | D3: =D14/0.4 -> 330 | F3: =F14/0.4 -> 592.5 | H3: Pricing is based on a fixed Gross Margin assumption | N3: Utilities | O3: 80000
H4: Cost with a fixed markup | N4: Salaries/Indirect Labor | O4: 100000
A5: Material | H5: Overhead allocated by units sold | N5: Maintenance | O5: 60000
A6: Wood | B6: 30 | D6: 50 | F6: 100 | N6: Supplies | O6: 40000
A7: Nails | B7: 5 | D7: 10 | F7: 30 | N7: Misc. | O7: 20000
A8: Labor | N8: Total | O8: =SUM(O2:O7) -> 420000
A9: Cutting | B9: 10 | D9: 10 | F9: 15
A10: Finishing | B10: 20 | D10: 20 | F10: 50 | N10: Total Forecast Units | O10: =B16+D16+F16 -> 10000
A11: Overhead
A12: Allocation | B12: =O12 -> 42 | D12: =O12 -> 42 | F12: =O12 -> 42 | N12: Overhead Allocated per Unit | O12: =O8/O10 -> 42
A14: Product Cost | B14: =SUM(B6:B12) -> 107 | D14: =SUM(D6:D12) -> 132 | F14: =SUM(F6:F12) -> 237
A16: Forecast | B16: 2000 | D16: 3000 | F16: 5000
A18: Quick Income Statement
A20: Total Revenue | B20: =B16*B3 -> 535000 | D20: =D16*D3 -> 990000 | F20: =F16*F3 -> 2962500 | H20: =B20+D20+F20 -> 4487500
A21: Total Cost | B21: =B16*B14 -> 214000 | D21: =D16*D14 -> 396000 | F21: =F16*F14 -> 1185000 | H21: =B21+D21+F21 -> 1795000
A22: Gross Margin | B22: =B20-B21 -> 321000 | D22: =D20-D21 -> 594000 | F22: =F20-F21 -> 1777500 | H22: =B22+D22+F22 -> 2692500
A23: Gross Margin % | B23: =B22/B20 -> 0.6 | D23: =D22/D20 -> 0.6 | F23: =F22/F20 -> 0.6 | H23: =H22/H20 -> 0.6
A25: Sales, General and Adminstrative | H25: 1000000
A27: Budget Income | H27: =H22-H25 -> 1692500

Sheet Base Labor
B1: Product #1 | D1: Product #2 | F1: Product #3 | N1: Overhead
N2: Rent | O2: 120000
A3: Revenue per Unit | B3: =B14/0.4 -> 228.81579 | D3: =D14/0.4 -> 291.31579 | F3: =F14/0.4 -> 631.18421 | H3: Pricing is based on a fixed Gross Margin assumption | N3: Utilities | O3: 80000
H4: Profitability assessed with OH allocated by labor $ | N4: Salaries/Indirect Labor | O4: 100000
A5: Material | H5: GM doesn't change because it is a component of price | N5: Maintenance | O5: 60000
A6: Wood | B6: ='Base Per Unit'!B6 -> 30 | D6: ='Base Per Unit'!D6 -> 50 | F6: ='Base Per Unit'!F6 -> 100 | H6: Pricing changes due to different cost allocation | N6: Supplies | O6: 40000
A7: Nails | B7: ='Base Per Unit'!B7 -> 5 | D7: ='Base Per Unit'!D7 -> 10 | F7: ='Base Per Unit'!F7 -> 30 | N7: Misc. | O7: 20000
A8: Labor | H8: Total Labor Cost | N8: Total | O8: =SUM(O2:O7) -> 420000
A9: Cutting | B9: ='Base Per Unit'!B9 -> 10 | D9: ='Base Per Unit'!D9 -> 10 | F9: ='Base Per Unit'!F9 -> 15 | H9: Product #1 | J9: Product #2 | L9: Product #3
A10: Finishing | B10: ='Base Per Unit'!B10 -> 20 | D10: ='Base Per Unit'!D10 -> 20 | F10: ='Base Per Unit'!F10 -> 50 | H10: =(B9+B10)*B16 -> 60000 | J10: =(D9+D10)*D16 -> 90000 | L10: =(F9+F10)*F16 -> 325000 | N10: Total Labor Cost | O10: =H10+J10+L10 -> 475000
A11: Overhead
A12: Allocation | B12: =(B9+B10)*$O12 -> 26.526316 | D12: =(D9+D10)*$O12 -> 26.526316 | F12: =(F9+F10)*$O12 -> 57.473684 | N12: Overhead Allocated per $ of Labor | O12: =O8/O10 -> 0.88421053
A14: Product Cost | B14: =SUM(B6:B12) -> 91.526316 | D14: =SUM(D6:D12) -> 116.52632 | F14: =SUM(F6:F12) -> 252.47368
A16: Forecast | B16: ='Base Per Unit'!B16 -> 2000 | D16: ='Base Per Unit'!D16 -> 3000 | F16: ='Base Per Unit'!F16 -> 5000
A18: Quick Income Statement
A20: Total Revenue | B20: =B16*B3 -> 457631.58 | D20: =D16*D3 -> 873947.37 | F20: =F16*F3 -> 3155921.1 | H20: =B20+D20+F20 -> 4487500
A21: Total Cost | B21: =B16*B14 -> 183052.63 | D21: =D16*D14 -> 349578.95 | F21: =F16*F14 -> 1262368.4 | H21: =B21+D21+F21 -> 1795000
A22: Gross Margin | B22: =B20-B21 -> 274578.95 | D22: =D20-D21 -> 524368.42 | F22: =F20-F21 -> 1893552.6 | H22: =B22+D22+F22 -> 2692500
A23: Gross Margin % | B23: =B22/B20 -> 0.6 | D23: =D22/D20 -> 0.6 | F23: =F22/F20 -> 0.6 | H23: =H22/H20 -> 0.6
A25: Sales, General and Adminstrative | H25: 1000000
A27: Budget Income | H27: =H22-H25 -> 1692500

Sheet Base Market PU
B1: Product #1 | D1: Product #2 | F1: Product #3 | N1: Overhead
N2: Rent | O2: 120000
A3: Revenue per Unit | B3: 175 | D3: 275 | F3: 700 | H3: Pricing is based on Market driven by competition | N3: Utilities | O3: 80000
H4: Price is independent of cost and based on maximum | N4: Salaries/Indirect Labor | O4: 100000
A5: Material | H5: ability to sell each product | N5: Maintenance | O5: 60000
A6: Wood | B6: 30 | D6: 50 | F6: 100 | N6: Supplies | O6: 40000
A7: Nails | B7: 5 | D7: 10 | F7: 30 | N7: Misc. | O7: 20000
A8: Labor | N8: Total | O8: =SUM(O2:O7) -> 420000
A9: Cutting | B9: 10 | D9: 10 | F9: 15
A10: Finishing | B10: 20 | D10: 20 | F10: 50 | N10: Total Forecast Units | O10: =B16+D16+F16 -> 10000
A11: Overhead
A12: Allocation | B12: =O12 -> 42 | D12: =O12 -> 42 | F12: =O12 -> 42 | N12: Overhead Allocated per Unit | O12: =O8/O10 -> 42
A14: Product Cost | B14: =SUM(B6:B12) -> 107 | D14: =SUM(D6:D12) -> 132 | F14: =SUM(F6:F12) -> 237
A16: Forecast | B16: ='Base Per Unit'!B16 -> 2000 | D16: ='Base Per Unit'!D16 -> 3000 | F16: ='Base Per Unit'!F16 -> 5000
A18: Quick Income Statement
A20: Total Revenue | B20: =B16*B3 -> 350000 | D20: =D16*D3 -> 825000 | F20: =F16*F3 -> 3500000 | H20: =B20+D20+F20 -> 4675000
A21: Total Cost | B21: =B16*B14 -> 214000 | D21: =D16*D14 -> 396000 | F21: =F16*F14 -> 1185000 | H21: =B21+D21+F21 -> 1795000
A22: Gross Margin | B22: =B20-B21 -> 136000 | D22: =D20-D21 -> 429000 | F22: =F20-F21 -> 2315000 | H22: =B22+D22+F22 -> 2880000
A23: Gross Margin % | B23: =B22/B20 -> 0.38857143 | D23: =D22/D20 -> 0.52 | F23: =F22/F20 -> 0.66142857 | H23: =H22/H20 -> 0.61604278
A25: Sales, General and Adminstrative | H25: 1000000
A27: Budget Income | H27: =H22-H25 -> 1880000

Sheet Base Market Lbr
B1: Product #1 | D1: Product #2 | F1: Product #3 | N1: Overhead
N2: Rent | O2: 120000
A3: Revenue per Unit | B3: 175 | D3: 275 | F3: 700 | H3: Pricing is based on a Market | N3: Utilities | O3: 80000
N4: Salaries/Indirect Labor | O4: 100000
A5: Material | N5: Maintenance | O5: 60000
A6: Wood | B6: ='Base Per Unit'!B6 -> 30 | D6: ='Base Per Unit'!D6 -> 50 | F6: ='Base Per Unit'!F6 -> 100 | N6: Supplies | O6: 40000
A7: Nails | B7: ='Base Per Unit'!B7 -> 5 | D7: ='Base Per Unit'!D7 -> 10 | F7: ='Base Per Unit'!F7 -> 30 | N7: Misc. | O7: 20000
A8: Labor | H8: Total Labor Cost | N8: Total | O8: =SUM(O2:O7) -> 420000
A9: Cutting | B9: ='Base Per Unit'!B9 -> 10 | D9: ='Base Per Unit'!D9 -> 10 | F9: ='Base Per Unit'!F9 -> 15 | H9: Product #1 | J9: Product #2 | L9: Product #3
A10: Finishing | B10: ='Base Per Unit'!B10 -> 20 | D10: ='Base Per Unit'!D10 -> 20 | F10: ='Base Per Unit'!F10 -> 50 | H10: =(B9+B10)*B16 -> 60000 | J10: =(D9+D10)*D16 -> 90000 | L10: =(F9+F10)*F16 -> 325000 | N10: Total Labor Cost | O10: =H10+J10+L10 -> 475000
A11: Overhead
A12: Allocation | B12: =(B9+B10)*$O12 -> 26.526316 | D12: =(D9+D10)*$O12 -> 26.526316 | F12: =(F9+F10)*$O12 -> 57.473684 | N12: Overhead Allocated per $ of Labor | O12: =O8/O10 -> 0.88421053
A14: Product Cost | B14: =SUM(B6:B12) -> 91.526316 | D14: =SUM(D6:D12) -> 116.52632 | F14: =SUM(F6:F12) -> 252.47368
A16: Forecast | B16: ='Base Per Unit'!B16 -> 2000 | D16: ='Base Per Unit'!D16 -> 3000 | F16: ='Base Per Unit'!F16 -> 5000
A18: Quick Income Statement
A20: Total Revenue | B20: =B16*B3 -> 350000 | D20: =D16*D3 -> 825000 | F20: =F16*F3 -> 3500000 | H20: =B20+D20+F20 -> 4675000
A21: Total Cost | B21: =B16*B14 -> 183052.63 | D21: =D16*D14 -> 349578.95 | F21: =F16*F14 -> 1262368.4 | H21: =B21+D21+F21 -> 1795000
A22: Gross Margin | B22: =B20-B21 -> 166947.37 | D22: =D20-D21 -> 475421.05 | F22: =F20-F21 -> 2237631.6 | H22: =B22+D22+F22 -> 2880000
A23: Gross Margin % | B23: =B22/B20 -> 0.47699248 | D23: =D22/D20 -> 0.57626794 | F23: =F22/F20 -> 0.63932331 | H23: =H22/H20 -> 0.61604278
A25: Sales, General and Adminstrative | H25: 1000000
A27: Budget Income | H27: =H22-H25 -> 1880000

Sheet New Per Unit
B1: Product #1 | D1: Product #2 | F1: Product #3 | N1: Overhead
N2: Rent | O2: 120000
A3: Revenue per Unit | B3: =B14/0.4 -> 279.16667 | D3: =D14/0.4 -> 341.66667 | F3: =F14/0.4 -> 604.16667 | H3: Pricing is based on a fixed Gross Margin assumption | N3: Utilities | O3: 80000
H4: Cost with a fixed markup | N4: Salaries/Indirect Labor | O4: 100000
A5: Material | H5: Overhead allocated by units sold | N5: Maintenance | O5: 60000
A6: Wood | B6: 30 | D6: 50 | F6: 100 | N6: Supplies | O6: 40000
A7: Nails | B7: 5 | D7: 10 | F7: 30 | N7: Misc. | O7: 20000
A8: Labor | N8: Total | O8: =SUM(O2:O7) -> 420000
A9: Cutting | B9: 10 | D9: 10 | F9: 15
A10: Finishing | B10: 20 | D10: 20 | F10: 50 | N10: Total Forecast Units | O10: =B16+D16+F16 -> 9000
A11: Overhead
A12: Allocation | B12: =O12 -> 46.666667 | D12: =O12 -> 46.666667 | F12: =O12 -> 46.666667 | N12: Overhead Allocated per Unit | O12: =O8/O10 -> 46.666667
A14: Product Cost | B14: =SUM(B6:B12) -> 111.66667 | D14: =SUM(D6:D12) -> 136.66667 | F14: =SUM(F6:F12) -> 241.66667
A16: Forecast | B16: =Summary!O25 -> 500 | D16: =Summary!O26 -> 1500 | F16: =Summary!O27 -> 7000
A18: Quick Income Statement
A20: Total Revenue | B20: =B16*B3 -> 139583.33 | D20: =D16*D3 -> 512500 | F20: =F16*F3 -> 4229166.7 | H20: =B20+D20+F20 -> 4881250
A21: Total Cost | B21: =B16*B14 -> 55833.333 | D21: =D16*D14 -> 205000 | F21: =F16*F14 -> 1691666.7 | H21: =B21+D21+F21 -> 1952500
A22: Gross Margin | B22: =B20-B21 -> 83750 | D22: =D20-D21 -> 307500 | F22: =F20-F21 -> 2537500 | H22: =B22+D22+F22 -> 2928750
A23: Gross Margin % | B23: =B22/B20 -> 0.6 | D23: =D22/D20 -> 0.6 | F23: =F22/F20 -> 0.6 | H23: =H22/H20 -> 0.6
A25: Sales, General and Adminstrative | H25: 1000000
A27: Budget Income | H27: =H22-H25 -> 1928750

Sheet New Labor 
B1: Product #1 | D1: Product #2 | F1: Product #3 | N1: Overhead
N2: Rent | O2: 120000
A3: Revenue per Unit | B3: =B14/0.4 -> 223.66505 | D3: =D14/0.4 -> 286.16505 | F3: =F14/0.4 -> 620.02427 | H3: Pricing is based on a fixed Gross Margin assumption | N3: Utilities | O3: 80000
H4: Profitability assessed with OH allocated by labor $ | N4: Salaries/Indirect Labor | O4: 100000
A5: Material | H5: GM doesn't change because it is a component of price | N5: Maintenance | O5: 60000
A6: Wood | B6: ='Base Per Unit'!B6 -> 30 | D6: ='Base Per Unit'!D6 -> 50 | F6: ='Base Per Unit'!F6 -> 100 | H6: Pricing changes due to different cost allocation | N6: Supplies | O6: 40000
A7: Nails | B7: ='Base Per Unit'!B7 -> 5 | D7: ='Base Per Unit'!D7 -> 10 | F7: ='Base Per Unit'!F7 -> 30 | N7: Misc. | O7: 20000
A8: Labor | H8: Total Labor Cost | N8: Total | O8: =SUM(O2:O7) -> 420000
A9: Cutting | B9: ='Base Per Unit'!B9 -> 10 | D9: ='Base Per Unit'!D9 -> 10 | F9: ='Base Per Unit'!F9 -> 15 | H9: Product #1 | J9: Product #2 | L9: Product #3
A10: Finishing | B10: ='Base Per Unit'!B10 -> 20 | D10: ='Base Per Unit'!D10 -> 20 | F10: ='Base Per Unit'!F10 -> 50 | H10: =(B9+B10)*B16 -> 15000 | J10: =(D9+D10)*D16 -> 45000 | L10: =(F9+F10)*F16 -> 455000 | N10: Total Labor Cost | O10: =H10+J10+L10 -> 515000
A11: Overhead
A12: Allocation | B12: =(B9+B10)*$O12 -> 24.466019 | D12: =(D9+D10)*$O12 -> 24.466019 | F12: =(F9+F10)*$O12 -> 53.009709 | N12: Overhead Allocated per $ of Labor | O12: =O8/O10 -> 0.81553398
A14: Product Cost | B14: =SUM(B6:B12) -> 89.466019 | D14: =SUM(D6:D12) -> 114.46602 | F14: =SUM(F6:F12) -> 248.00971
A16: Forecast | B16: =Summary!O25 -> 500 | D16: =Summary!O26 -> 1500 | F16: =Summary!O27 -> 7000
A18: Quick Income Statement
A20: Total Revenue | B20: =B16*B3 -> 111832.52 | D20: =D16*D3 -> 429247.57 | F20: =F16*F3 -> 4340169.9 | H20: =B20+D20+F20 -> 4881250
A21: Total Cost | B21: =B16*B14 -> 44733.01 | D21: =D16*D14 -> 171699.03 | F21: =F16*F14 -> 1736068 | H21: =B21+D21+F21 -> 1952500
A22: Gross Margin | B22: =B20-B21 -> 67099.515 | D22: =D20-D21 -> 257548.54 | F22: =F20-F21 -> 2604101.9 | H22: =B22+D22+F22 -> 2928750
A23: Gross Margin % | B23: =B22/B20 -> 0.6 | D23: =D22/D20 -> 0.6 | F23: =F22/F20 -> 0.6 | H23: =H22/H20 -> 0.6
A25: Sales, General and Adminstrative | H25: 1000000
A27: Budget Income | H27: =H22-H25 -> 1928750

Sheet New Market PU 
B1: Product #1 | D1: Product #2 | F1: Product #3 | N1: Overhead
N2: Rent | O2: 120000
A3: Revenue per Unit | B3: 175 | D3: 275 | F3: 700 | H3: Pricing is based on Market driven by competition | N3: Utilities | O3: 80000
H4: Price is independent of cost and based on maximum | N4: Salaries/Indirect Labor | O4: 100000
A5: Material | H5: ability to sell each product | N5: Maintenance | O5: 60000
A6: Wood | B6: 30 | D6: 50 | F6: 100 | N6: Supplies | O6: 40000
A7: Nails | B7: 5 | D7: 10 | F7: 30 | N7: Misc. | O7: 20000
A8: Labor | N8: Total | O8: =SUM(O2:O7) -> 420000
A9: Cutting | B9: 10 | D9: 10 | F9: 15
A10: Finishing | B10: 20 | D10: 20 | F10: 50 | N10: Total Forecast Units | O10: =B16+D16+F16 -> 9000
A11: Overhead
A12: Allocation | B12: =O12 -> 46.666667 | D12: =O12 -> 46.666667 | F12: =O12 -> 46.666667 | N12: Overhead Allocated per Unit | O12: =O8/O10 -> 46.666667
A14: Product Cost | B14: =SUM(B6:B12) -> 111.66667 | D14: =SUM(D6:D12) -> 136.66667 | F14: =SUM(F6:F12) -> 241.66667
A16: Forecast | B16: =Summary!O25 -> 500 | D16: =Summary!O26 -> 1500 | F16: =Summary!O27 -> 7000
A18: Quick Income Statement
A20: Total Revenue | B20: =B16*B3 -> 87500 | D20: =D16*D3 -> 412500 | F20: =F16*F3 -> 4900000 | H20: =B20+D20+F20 -> 5400000
A21: Total Cost | B21: =B16*B14 -> 55833.333 | D21: =D16*D14 -> 205000 | F21: =F16*F14 -> 1691666.7 | H21: =B21+D21+F21 -> 1952500
A22: Gross Margin | B22: =B20-B21 -> 31666.667 | D22: =D20-D21 -> 207500 | F22: =F20-F21 -> 3208333.3 | H22: =B22+D22+F22 -> 3447500
A23: Gross Margin % | B23: =B22/B20 -> 0.36190476 | D23: =D22/D20 -> 0.5030303 | F23: =F22/F20 -> 0.6547619 | H23: =H22/H20 -> 0.63842593
A25: Sales, General and Adminstrative | H25: 1000000
A27: Budget Income | H27: =H22-H25 -> 2447500

Sheet New Market Lbr 
B1: Product #1 | D1: Product #2 | F1: Product #3 | N1: Overhead
N2: Rent | O2: 120000
A3: Revenue per Unit | B3: 175 | D3: 275 | F3: 700 | H3: Pricing is based on a Market | N3: Utilities | O3: 80000
N4: Salaries/Indirect Labor | O4: 100000
A5: Material | N5: Maintenance | O5: 60000
A6: Wood | B6: ='Base Per Unit'!B6 -> 30 | D6: ='Base Per Unit'!D6 -> 50 | F6: ='Base Per Unit'!F6 -> 100 | N6: Supplies | O6: 40000
A7: Nails | B7: ='Base Per Unit'!B7 -> 5 | D7: ='Base Per Unit'!D7 -> 10 | F7: ='Base Per Unit'!F7 -> 30 | N7: Misc. | O7: 20000
A8: Labor | H8: Total Labor Cost | N8: Total | O8: =SUM(O2:O7) -> 420000
A9: Cutting | B9: ='Base Per Unit'!B9 -> 10 | D9: ='Base Per Unit'!D9 -> 10 | F9: ='Base Per Unit'!F9 -> 15 | H9: Product #1 | J9: Product #2 | L9: Product #3
A10: Finishing | B10: ='Base Per Unit'!B10 -> 20 | D10: ='Base Per Unit'!D10 -> 20 | F10: ='Base Per Unit'!F10 -> 50 | H10: =(B9+B10)*B16 -> 15000 | J10: =(D9+D10)*D16 -> 45000 | L10: =(F9+F10)*F16 -> 455000 | N10: Total Labor Cost | O10: =H10+J10+L10 -> 515000
A11: Overhead
A12: Allocation | B12: =(B9+B10)*$O12 -> 24.466019 | D12: =(D9+D10)*$O12 -> 24.466019 | F12: =(F9+F10)*$O12 -> 53.009709 | N12: Overhead Allocated per $ of Labor | O12: =O8/O10 -> 0.81553398
A14: Product Cost | B14: =SUM(B6:B12) -> 89.466019 | D14: =SUM(D6:D12) -> 114.46602 | F14: =SUM(F6:F12) -> 248.00971
A16: Forecast | B16: =Summary!O25 -> 500 | D16: =Summary!O26 -> 1500 | F16: =Summary!O27 -> 7000
A18: Quick Income Statement
A20: Total Revenue | B20: =B16*B3 -> 87500 | D20: =D16*D3 -> 412500 | F20: =F16*F3 -> 4900000 | H20: =B20+D20+F20 -> 5400000
A21: Total Cost | B21: =B16*B14 -> 44733.01 | D21: =D16*D14 -> 171699.03 | F21: =F16*F14 -> 1736068 | H21: =B21+D21+F21 -> 1952500
A22: Gross Margin | B22: =B20-B21 -> 42766.99 | D22: =D20-D21 -> 240800.97 | F22: =F20-F21 -> 3163932 | H22: =B22+D22+F22 -> 3447500
A23: Gross Margin % | B23: =B22/B20 -> 0.4887656 | D23: =D22/D20 -> 0.58375993 | F23: =F22/F20 -> 0.64570042 | H23: =H22/H20 -> 0.63842593
A25: Sales, General and Adminstrative | H25: 1000000
A27: Budget Income | H27: =H22-H25 -> 2447500
